AoeStats
← CazadorGT

Arena

505752726Analyzed
3v3 RM · 23d ago on Sep 10, 2026· 61m 17s· 6 players
Game mode
Random Map
Map size
Normal (6 player)
Population
200
Speed
Normal
Resources
Standard
Victory
Conquest
Starting age
Dark Age
Ending age
Imperial Age
RankedLock teamsTeams togetherTeam positionsShared explorationLock speedFull tech treeHidden civsTurbo modeCheats
Victory
Defeat
🇷🇴 Romans · Romania
960
+17
🇨🇱 Japanese · Chile
942
+18
🇩🇪 Franks · Germany
927
+19
🇬🇹 Cumans · Guatemala
1042
-20
981
-18
🇮🇹 Burmese · Italy
942
-16
TKG 2.0
7:25 Loom
9:55 Feudal Age
14:16 Horse Collar
14:25 Double-Bit Axe
17:07 Castle Age
15:44 Gold Mining
18:39 Stone Mining
19:03 Bow Saw
20:52 Wheelbarrow
21:55 Town Watch
27:04 Hand Cart
27:27 Heavy Plow
31:49 Imperial Age
30:55 Forging
30:46 Scale Mail Armor
32:16 Iron Casting
31:57 Elite Samurai
33:44 Chain Mail Armor
34:57 Blast Furnace
37:20 Plate Mail Armor
38:13 Arson
38:29 Squires
38:15 Gambesons
37:51 Pikeman
39:20 Scale Barding Armor
41:47 Halberdier
47:38 Onager
51:51 Chemistry
59:30 Man-at-Arms
60:48 Gold Shaft Mining
pelicanul
9:21 Feudal Age
10:36 Wheelbarrow
11:42 Horse Collar
12:49 Double-Bit Axe
17:03 Town Watch
20:06 Castle Age
19:28 Forging
19:19 Scale Mail Armor
19:51 Gold Mining
20:09 Man-at-Arms
21:38 Long Swordsman
22:45 Squires
30:09 Ballistics
33:25 Hand Cart
34:54 Heavy Plow
39:34 Imperial Age
38:15 Ballistas
39:27 Town Patrol
40:32 Iron Casting
40:13 Chain Mail Armor
41:29 Gold Shaft Mining
40:19 Legionary
41:01 Heavy Scorpion
42:44 Conscription
45:34 Crop Rotation
45:16 Bow Saw
46:12 Blast Furnace
BABAN
0:26 Loom
13:03 Feudal Age
14:32 Wheelbarrow
13:44 Town Watch
15:50 Stone Mining
16:00 Double-Bit Axe
16:37 Gold Mining
18:53 Castle Age
18:03 Scale Barding Armor
18:09 Forging
20:18 Bow Saw
21:13 Gold Shaft Mining
22:43 Caravan
30:48 Imperial Age
28:54 Fletching
29:05 Padded Archer Armor
29:26 Hand Cart
35:02 Chain Barding Armor
35:17 Iron Casting
34:42 Cavalier
36:12 Husbandry
37:10 Plate Barding Armor
36:03 Paladin
40:37 Squires
40:39 Arson
44:43 Blast Furnace
44:04 Bodkin Arrow
46:05 Light Cavalry
48:19 Leather Archer Armor
48:04 Scale Mail Armor
47:27 Pikeman
50:20 Town Patrol
50:39 Chain Mail Armor
49:48 Elite Throwing Axeman
50:30 Chivalry
49:51 Halberdier
51:50 Hoardings
52:52 #83
56:16 Gambesons
60:26 Man-at-Arms
CazadorGT
8:52 Feudal Age
21:48 Castle Age
20:16 Forging
20:22 Double-Bit Axe
20:21 Horse Collar
21:05 Gold Mining
21:06 Stone Mining
21:47 Scale Barding Armor
23:26 Iron Casting
26:10 Chain Barding Armor
26:42 Gold Shaft Mining
26:10 Heavy Plow
26:57 Light Cavalry
30:04 Wheelbarrow
29:16 Loom
30:08 Wheelbarrow
29:39 Fletching
30:02 Bloodlines
30:54 Town Watch
31:25 Hand Cart
31:24 Bodkin Arrow
34:38 Imperial Age
33:03 Padded Archer Armor
33:48 Bow Saw
34:50 Masonry
34:36 Murder Holes
35:01 Ballistics
35:17 Town Patrol
34:59 Elite Steppe Lancer
36:01 Conscription
36:42 Plate Barding Armor
38:16 Chemistry
41:52 Steppe Husbandry
47:28 Two-Man Saw
49:15 Hussar
56:17 Leather Archer Armor
56:14 Heavy Cavalry Archer
verbumdei76
1:53 Loom
13:26 Feudal Age
18:35 Castle Age
16:32 Horse Collar
18:04 Town Watch
18:34 Stone Mining
19:31 Fletching
24:32 Wheelbarrow
26:29 Padded Archer Armor
26:58 Fervor
27:26 Pikeman
28:07 Scale Mail Armor
28:44 Sanctity
31:08 Bodkin Arrow
31:39 Ballistics
32:36 Scale Barding Armor
37:44 Town Patrol
40:36 Imperial Age
38:39 Heavy Plow
41:38 Forging
41:57 Conscription
42:50 Illumination
42:40 Block Printing
43:18 Masonry
42:59 Capped Ram
44:30 Bracer
45:40 Hand Cart
46:53 Bloodlines
46:52 Howdah
47:44 Husbandry
51:49 Iron Casting
53:21 Elite Battle Elephant
55:00 Chain Barding Armor
55:53 Light Cavalry
57:32 Manipur Cavalry
60:09 Elite Skirmisher
rodolfo casas noten¨o
12:53 Feudal Age
16:04 Wheelbarrow
15:17 Loom
15:20 Town Watch
15:25 Loom
18:09 Castle Age
16:41 Double-Bit Axe
19:12 Wheelbarrow
18:22 Town Watch
18:53 Horse Collar
26:08 First Crusade
26:56 Scale Mail Armor
27:53 Chain Mail Armor
29:19 Forging
29:42 Squires
29:30 Arson
31:22 Iron Casting
30:57 Heavy Plow
31:59 Hand Cart
32:17 Fletching
33:07 Bodkin Arrow
32:33 Crossbowman
34:10 Ballistics
34:02 Padded Archer Armor
34:20 Bow Saw
34:12 Gold Mining
35:24 Leather Archer Armor
35:56 Gold Shaft Mining
40:05 Imperial Age
38:08 Pikeman
39:10 Scale Barding Armor
39:37 Elite Skirmisher
40:12 Halberdier
41:36 Bracer
41:37 Arbalester
43:26 Chemistry
43:11 Plate Mail Armor
43:17 Chain Barding Armor
44:19 Blast Furnace
44:52 Crop Rotation
44:28 Sappers
44:58 Onager
45:34 Stone Mining
46:40 Conscription
45:44 Elite Serjeant
48:09 Siege Onager
51:15 Plate Barding Armor
54:27 Capped Ram
57:04 Husbandry
Connection lost

Rejoining the realm…

Still unreachable

The connection could not be restored.

Session expired

The server has moved on; the page needs a fresh start.